 Dungeon Crawl Stone Soup version 0.28.0-43-g3370ac3207 (webtiles) character file.

Game seed: 15335570976962408412

51 sking99 the Charlatan (level 3, -2/24 HPs)
             Began as an Octopode Artificer on Mar 25, 2022.
             Slain by a gnoll
             ... wielding a +0 club
              (7 damage)
             ... on level 2 of the Dungeon.
             The game lasted 00:02:28 (1865 turns).

sking99 the Charlatan (Octopode Artificer)          Turns: 1865, Time: 00:02:29

Health: -2/24      AC:  1    Str: 11    XL:     3   Next: 83%
Magic:  3/3        EV: 13    Int: 13    God:
Gold:   46         SH:  0    Dex: 14    Spells: 2/2 levels left

rFire   . . .      SeeInvis .   i - +4 quarterstaff of the Freezing Seer {elec, rElec}
rCold   . . .      Faith    .   (shield currently unavailable)
rNeg    . . .      Spirit   .   (helmet restricted)
rPois   .          Reflect  .   (no amulet)
rElec   +          Harm     .   (no ring)
rCorr   .          Rampage  .   (no ring)
Will    .....                   (no ring)
Stlth   +++.......              (no ring)
HPRegen 0.08/turn               (no ring)
MPRegen 0.08/turn               (no ring)
                                (no ring)
                                (no ring)

@: no status effects
A: almost no armour, amphibious, 8 rings, camouflage 1, gelatinous body 1,
(nimble swimmer 1), tentacles
a: no special abilities


You were on level 2 of the Dungeon.
You visited 1 branch of the dungeon, and saw 2 of its levels.

You collected 46 gold pieces.

Inventory:

Hand Weapons
 i - the +4 quarterstaff of the Freezing Seer (weapon) {elec, rElec}
   (You found it on level 2 of the Dungeon)

   It occasionally discharges a powerful burst of electricity upon striking a
   foe.
   rElec:     It insulates you from electricity.
Wands
 b - a wand of flame (15) (quivered)
 c - a wand of charming (15)
Scrolls
 a - a scroll of identify {unknown}
 e - a scroll of teleportation {unknown}
 f - a scroll of amnesia {unknown}
Potions
 g - a potion of brilliance {unknown}
 h - a potion of curing {unknown}
Miscellaneous
 d - a piece from Xom's chessboard (15/15)


   Skills:
 + Level 1.7 Fighting
 - Level 1.5(1.6) Maces & Flails
 * Level 0.4(1.1) Staves
 + Level 2.7 Dodging
 - Level 1.3 Stealth
 + Level 4.0 Evocations


You had 2 spell levels left.
You didn't know any spells.
Your spell library was empty.

Dungeon Overview and Level Annotations

Branches:
Dungeon (2/15)

Altars:
Vehumet

Shops:
D:1 (


Innate Abilities, Weirdness & Mutations

You cannot wear most types of armour.
You are amphibious.
You can wear up to eight rings at the same time.
Your skin changes colour to match your surroundings (Stealth+).
Your rubbery body absorbs attacks. (AC +1, EV +1)
((You are camouflaged when in or above water. (Stealth+)))
You have tentacles for arms and can constrict up to eight enemies at once.


Message History

You kill the goblin!
Things that are here:
a +0 dagger; a ball python corpse
Found a whip.
Setting a skill training target for Staves at 14.0.
You open the door.
There is an open door here.
A rat and an adder come into view.
A gnoll comes into view. It is wielding a +0 club.
The adder hisses angrily.
The gnoll shouts!
There is an open door here.
You closely miss the adder. Your grab misses the adder. You squeeze the adder.
The adder is heavily wounded.
The adder bites you. The adder misses you.
You hit the adder. Your grab misses the adder.
The adder is almost dead.
The adder bites you.
You closely miss the adder. Your grab misses the adder.
The adder is almost dead.
The adder bites you.
You are poisoned.
The adder poisons you! The adder closely misses you.
You hit the adder.
You kill the adder!
You feel very sick. The gnoll hits you with a +0 club.
Your Evocations skill increases to level 4!
You thump the gnoll! You grab the gnoll.
You squeeze the gnoll, but do no damage.
The gnoll is severely wounded.
You constrict the gnoll, but do no damage.
You feel sick. The gnoll hits you with a +0 club.
* * * LOW HITPOINT WARNING * * *
You release your grip on the gnoll.
You feel sick.
You feel sick.
You feel sick.
You feel sick.
You are no longer poisoned.
The gnoll hits you with a +0 club!
You die...

..# ..# ### ..###.. ..# .......
### #.# .....). ..# #.# #######
#.# #.# # #.# #.# # ##.##
#.##### #.# # #####...###.@gr.#
#.# # #.....<......##.# #.#
#####.###...###.###.# #.#
...........## #.# #.# #.#
###############.# #.# #.#
#####...........# #.####.######
................###...........#
...).†.########............##.#
######## ##########.#.##.#


You could see a gnoll and a rat.

Vanquished Creatures
  An adder (D:2)
  A dart slug (D:2)
  6 bats (D:1)
  2 endoplasms
  3 giant cockroaches (D:1)
  5 goblins
  3 hobgoblins
  2 jackals (D:1)
  4 kobolds
  2 quokkas
  3 ball pythons
  A frilled lizard (D:1)
  A rat (D:2)
34 creatures vanquished.

Notes
Turn   | Place    | Note
-------+----------+-------------------------------------------
     0 | D:1      | sking99 the Octopode Artificer began the quest for the Orb.
     0 | D:1      | Reached XP level 1. HP: 13/13 MP: 1/1
   133 | D:1      | Reached XP level 2. HP: 18/18 MP: 2/2
   247 | D:1      | Reached skill level 1 in Maces & Flails
   991 | D:1      | Reached XP level 3. HP: 23/23 MP: 3/3
  1199 | D:1      | Found Tuij's Weapon Emporium.
  1259 | D:2      | Found a radiant altar of Vehumet.
  1673 | D:2      | Identified the +4 quarterstaff of the Freezing Seer {elec,
                  | rElec}
  1822 | D:2      | Reached skill level 4 in Evocations
  1865 | D:2      | Slain by a gnoll

Illustrated notes

Levels and vault maps discovered:
D:1:      nzn_arrival_settlement, layout_loops_ring, serial_shops,
          nicolae_shop_bloodbath_and_beyond, minmay_misc_feat_square,
          minmay_worlds_worst_comb
D:2:      minmay_razor_zed, layout_loops_ring, basic_altar, minmay_pentomino_u4

Skill      XL: |  1  2  3 |
---------------+----------+-----
Maces & Flails | 1 |  1.5
Evocations     | 4 |  4.0
Fighting       | |  1.7
Staves         | |  0.4
Dodging        | |  2.7
Stealth        | |  1.3

Action                   || total
-------------------------++-------
Melee: Club              ||    62
       Constrict         ||    18
       Tentacles         ||    10
       Quarterstaff      ||     7
 Stab: Sleeping          ||     9
Armor: Skin              ||    11
Dodge: Dodged            ||    40
